cohdb
Replays
Latest Replays
All Replays
Popular Replays
Top Player Replays
Match Explorer
How It Works
Community
CoH3 Stats
Reddit
Sign in to upload your games and track your stats! →
Sign in with Steam
Match 42138995
Unlisted
Match 42138995
Overview
Messages
Build Orders
End
Pioneer Squad
Construct Infanterie Kompanie
Grenadier Squad
Grenadier Squad
MG 42 Machine Gun Team
MG 42 Machine Gun Team
Construct Panzergrenadier Kompanie
Selects Breakthrough Battlegroup
Selects Assault Grenadiers
Selects Rapid Production
Pak 40 Anti-tank Gun Team
Panzergrenadier Squad
Support Elements
StuG III G Assault Gun
StuG III G Assault Gun
Panzergrenadier Officer Quarters
Selects Blitzkrieg
StuG III G Assault Gun
Side Skirts
Medical Station
AI Takeover
Dave
Andrax
aion907(ROK)
applejuice
0
0
Comments
sign in to comment!
No comments posted yet!